 Dungeon Crawl Stone Soup version 0.32-a0-876-gcfddb08e57 (webtiles) character file.

Game seed: 16015572228554770591

517 smashvw the Digger (level 7, -1/36 HPs)
             Began as a Gargoyle Earth Elementalist on Apr 1, 2024.
             Killed from afar by an orc wizard (5 damage)
             ... with a magic dart
             ... on level 4 of the Dungeon.
             The game lasted 00:07:36 (3841 turns).

smashvw the Digger (Gargoyle Earth Elementalist)    Turns: 3841, Time: 00:07:37

Health: -1/36      AC:  6    Str: 12    XL:     7   Next: 20%
Magic:  7/13       EV: 11    Int: 17    God:
Gold:   134        SH:  0    Dex: 10    Spells: 8/14 levels left

rFire   . . .        j - +3 dagger
rCold   . . .        (no shield)
rNeg    + . .        a - +0 robe
rPois   ∞            (no helmet)
rElec   +            (no cloak)
rCorr   .            (no gloves)
SInv    .            (no boots)
Will    .....        (no amulet)
Stlth   ++           (no ring)
HPRegen 0.26/turn    (no ring)
MPRegen 0.13/turn

%: no passive effects
@: no status effects
A: sickness immunity, AC +4, negative energy resistance 1, electricity
resistance, torment resistance 1, petrification resistance
a: no special abilities


You were on level 4 of the Dungeon.
You visited 1 branch of the dungeon, and saw 4 of its levels.

You collected 134 gold pieces.

Inventory:

Hand Weapons
 j - a +3 dagger (weapon)
Missiles
 n - a throwing net
Armour
 a - a +0 robe (worn)
 c - +0 ice dragon scales
Jewellery
 m - an amulet of reflection
 q - a ring of flight
Scrolls
 e - a scroll of acquirement {unknown}
 f - a scroll of teleportation {unknown}
 g - a scroll of blinking {unknown}
 h - a scroll of brand weapon {unknown}
 i - 2 scrolls of immolation {unknown}
 o - 3 scrolls of vulnerability {unknown}
 p - 2 scrolls of identify {unknown}
Potions
 b - a potion of magic
 d - a potion of enlightenment {unknown}
 k - 2 potions of attraction {unknown}
 l - 2 potions of lignification {unknown}
 r - a potion of curing {unknown}


   Skills:
 - Level 1.5 Dodging
 - Level 2.1 Stealth
 + Level 4.0 Spellcasting
 + Level 4.1 Conjurations
 + Level 5.8 Earth Magic
 + Level 2.4 Alchemy


You had 8 spell levels left.
You knew the following spells:

 Your Spells              Type           Power      Damage    Failure   Level
a - Sandblast             Erth           46%        2d11      1%          1
b - Sting                 Conj/Alch      56%        1d6       4%          1
c - Petrify               Alch/Erth      17%        N/A       28%         4

Your spell library contained the following spells:

 Spells                   Type           Power      Damage    Failure   Level
 Passwall                 Erth           23%        N/A       4%          3
 Stone Arrow              Conj/Erth      40%        3d9       6%          3
 Apportation              Tloc           6%         N/A       16%         1
 Necrotise                Necr           12%        1d4       16%         1
 Slow                     Hex            12%        N/A       16%         1
 Summon Small Mammal      Summ           12%        N/A       16%         1
 Brom's Barrelling Bould  Conj/Erth      20%        2d4       21%         4
 Scorch                   Fire           6%         2d5       24%         2
 Confusing Touch          Hex            3%         N/A       43%         3
 Vampiric Draining        Necr           3%         2d6       43%         3
 Flame Wave               Conj/Fire      10%        2d6       56%         4
 Summon Cactus Giant      Summ           1%         N/A       100%        6


Dungeon Overview and Level Annotations

Branches:
Dungeon (4/15)
 Temple: D:4-7

Altars:
Ashenzari
Kikubaaqudgha
Qazlal
Sif Muna
Uskayaw

Annotations:
D:3 1 runed translucent door, Crazy Yiuf
D:4 Pikel


Innate Abilities, Weirdness & Mutations

You are immune to sickness and miasma.
Your stone body is resilient. (AC +4)
You are immune to poison.
You resist negative energy. (rN+)
You are resistant to electric shocks. (rElec)
You are resistant to unholy torment.
You are immune to petrification.


Message History

The orc priest hits you with a +0 dagger.
The orc priest shouts, "The Pantheon deserves no one's loyalty.
Let us show you the true path!" (press Y on the ability menu to convert to Beogh)
The orc priest attacks as it pursues you!
The orc priest hits you but does no damage.
Something hits you. Something hits you.
You see here 10 gold pieces.
Aiming: Sandblast (safe; 1% risk of failure)
Press: ? - help, Q - select action, (/) - cycle Shift-Dir - straight line, f/p - orc priest
Aim: an orc priest, wielding a +0 dagger and wearing a +0 ring mail (almost dead, 85% to hit)
The blast of sand hits something!
The orc priest begins to cast a cantrip, but forgets the words!
Something completely misses you.
Aiming: Sandblast (safe; 1% risk of failure)
Press: ? - help, Q - select action, (/) - cycle Shift-Dir - straight line, f/p - orc priest
Aim: an orc priest, wielding a +0 dagger and wearing a +0 ring mail (almost dead, 85% to hit)
The blast of sand hits the orc priest!
You kill the orc priest!
Something hits you but does no damage.
You hear some strange, mumbled words.
You are confused.
Your Spellcasting skill increases to level 4!
You're too confused to cast spells.
Unknown command.
You miss something. Something hits you.
You're too confused to move!
Something hits you but does no damage. Something hits you.
You hear some strange, mumbled words.
Something tries to affect you, but you resist.
Something hits you.
You feel less confused.
You hear some strange, mumbled words.
A puff of flame appears from out of thin air!
The puff of flame hits you!
* * * LOW HITPOINT WARNING * * *
You see here a murky purple potion.
A magic dart appears from out of thin air!
The magic dart hits you.
You die...

#.#.# .# # ..# .# ...#
.# ##### ....# .......#
## #(...# ..# #... .
.##.. #..# # ...
###..### ##
#.#.####.#####....).###.
.......@###.#.###.)†..#.
#....###.....#...###....
#.# #......#....#.###.
#.....#.....#.....# .#
......#{.....#....# ..
#^....#f....###...#...
#......#o###.#.###.#...
#.....###.....# .###..
.#.###.#......# ...#.##


You could see a sleepcap and an orc.

Vanquished Creatures
  Grinder (D:3)
  An ogre (D:3)
  A bombardier beetle (D:3)
  An orc priest (D:4)
  6 gnolls
  5 adders
  A dart slug (D:1)
  A ribbon worm (D:2)
  8 orcs
  3 ball pythons
  8 endoplasms
  4 giant cockroaches
  5 goblins
  6 hobgoblins
  6 jackals
  2 quokkas
  3 bats
  A frilled lizard (D:1)
  7 kobolds
  3 rats
73 creatures vanquished.

Notes
Turn   | Place    | Note
-------+----------+-------------------------------------------
     0 | D:1      | smashvw the Gargoyle Earth Elementalist began the quest for
                  | the Orb.
     0 | D:1      | Reached XP level 1. HP: 10/10 MP: 3/3
   239 | D:1      | Reached XP level 2. HP: 15/15 MP: 1/5
   361 | D:1      | Reached skill level 4 in Earth Magic
   929 | D:2      | Reached XP level 3. HP: 19/19 MP: 3/6
  1211 | D:2      | Found a stormy altar of Qazlal.
  1590 | D:2      | Reached XP level 4. HP: 24/24 MP: 5/8
  2136 | D:3      | Found an ancient bone altar of Kikubaaqudgha.
  2148 | D:3      | Found a hide-covered altar of Uskayaw.
  2153 | D:3      | Found a shimmering blue altar of Sif Muna.
  2154 | D:3      | Found a broken altar of Ashenzari.
  2240 | D:3      | Noticed an ogre
  2293 | D:3      | HP: 1/24 [ogre/+0 giant club (23)]
  2294 | D:3      | Killed an ogre
  2295 | D:3      | Reached skill level 5 in Earth Magic
  2295 | D:3      | Reached skill level 1 in Alchemy
  2295 | D:3      | Reached XP level 5. HP: 1/28 MP: 1/9
  2581 | D:3      | Found a runed translucent door.
  2582 | D:3      | Noticed Crazy Yiuf
  2600 | D:3      | Noticed Grinder
  2609 | D:3      | Killed Grinder
  2610 | D:3      | Reached XP level 6. HP: 10/32 MP: 3/11
  2701 | D:3      | Found a faded altar of an unknown god.
  2849 | D:3      | Reached XP level 7. HP: 36/36 MP: 8/12
  3575 | D:4      | Noticed Pikel
  3665 | D:4      | Learned a level 1 spell: Sting
  3670 | D:4      | Learned a level 4 spell: Petrify
  3841 | D:4      | Killed from afar by an orc wizard

Illustrated notes

Levels and vault maps discovered:
D:1:      spicycebolla_arrival_xxxplode, layout_basic, minivault_4
D:2:      layout_loops_corners, basic_altar
D:3:      layout_rooms, nicolae_overflow_macrodata_refinement,
          shapermc_ecumenical_altar_gd, st_stairs_2,
          amcnicky_mini_rare_corridor_liquid, chequers_serial_rivers_room_b,
          grunt_ministairs_10, nicolae_twisty_statue_hallways,
          uniq_crazy_yiuf_cottage, uniq_grinder
D:4:      nicolae_BIG_FREAKIN_CUBE, layout_loops_ring, grunt_ministairs_8,
          uniq_pikel

Skill      XL: |  1  2  3  4  5  6  7 |
---------------+----------------------+-----
Earth Magic    | 4 5 |  5.8
Conjurations   | 2 3 4 |  4.1
Spellcasting   | 3 4 |  4.0
Alchemy        | 1 2 |  2.4
Dodging        | |  1.5
Stealth        | |  2.1

Action                     |  1- 3 |  4- 6 |  7- 9 || total
---------------------------+-------+-------+-------++-------
  Melee: Unarmed           |    17 |       |       ||    17
         Dagger            |    10 |       |     1 ||    11
   Cast: Sandblast         |    56 |    54 |    43 ||   153
 Armour: Robe              |    22 |    15 |    61 ||    98
  Dodge: Dodged            |    31 |    15 |    44 ||    90

Table legend: (Time is in decaauts)
 A = Elapsed time spent in this place.
 B = Non-inter-level travel time spent in this place.
 C = Inter-level travel time spent in this place.
 D = Time resting spent in this place.
 E = Time spent auto-exploring this place.
 F = Levels seen in this place.
 G = Mean time per level.
                   A        B        C        D        E       F      G
               +--------+--------+--------+--------+--------+-----+--------+
         Total |   3927 |   3844 |     83 |    408 |   2839 |   4 |  981.8 |
       Dungeon |   3927 |   3844 |     83 |    408 |   2839 |   4 |  981.8 |
               +--------+--------+--------+--------+--------+-----+--------+

Top non-repeatable levels by time:
     D:3: 1371 daAuts
     D:2: 1232 daAuts
     D:1: 942 daAuts
     D:4: 381 daAuts
